 Dungeon Crawl Stone Soup version 0.32-a0-909-gc671339a80 (webtiles) character file.

Game seed: 4494690422414716398

53 Shayle the Apothecary (level 3, -1/27 HPs)
             Began as a Coglin Alchemist on Apr 6, 2024.
             Slain by Natasha (8 damage)
             ... on level 2 of the Dungeon.
             The game lasted 00:03:13 (1488 turns).

Shayle the Apothecary (Coglin Alchemist)            Turns: 1488, Time: 00:03:14

Health: -1/27      AC:  2    Str: 10    XL:     3   Next: 89%
Magic:  1/5        EV: 11    Int: 14    God:
Gold:   87         SH:  0    Dex: 14    Spells: 4/5 levels left

rFire   . . .        b - +0 dagger {Ilshubani}
rCold   . . .        f - +0 whip {Agustín}
rNeg    . . .        a - +0 robe
rPois   .            (no helmet)
rElec   .            (no cloak)
rCorr   .            (no gloves)
SInv    .            (no boots)
Will    .....        (amulet unavailable)
Stlth   ++           (ring unavailable)
HPRegen 0.24/turn    (ring unavailable)
MPRegen 0.09/turn    (no gizmo)

%: no passive effects
@: very slightly contaminated, revving
A: off-hand wielding, slow wielding, warmup strikes, no jewellery
a: Invent Gizmo


You were on level 2 of the Dungeon.
You visited 1 branch of the dungeon, and saw 2 of its levels.

You collected 87 gold pieces.

Inventory:

Hand Weapons
 b - a +0 dagger (weapon) {Ilshubani}
 f - a +0 whip (offhand) {Agustín}
Armour
 a - a +0 robe (worn)
 j - a +0 pair of boots
Talismans
 n - a serpent talisman
Scrolls
 c - 3 scrolls of teleportation {unknown}
 e - 2 scrolls of identify {unknown}
 g - a scroll of amnesia {unknown}
 k - 2 scrolls of poison {unknown}
 l - a scroll of silence {unknown}
 m - 2 scrolls of immolation {unknown}
Potions
 d - a potion of haste {unknown}
 h - a potion of curing {unknown}
 i - a potion of enlightenment {unknown}
 o - 2 potions of degeneration {unknown}


   Skills:
 + Level 2.1 Fighting
 + Level 2.8 Dodging
 - Level 1.5 Stealth
 - Level 1.7 Spellcasting
 - Level 0.8 Conjurations
 - Level 3.2 Alchemy
 + Level 0.4 Shapeshifting


You had 4 spell levels left.
You knew the following spells:

 Your Spells              Type           Power      Damage    Failure   Level
a - Sting                 Conj/Alch      28%        1d4       11%         1

Your spell library contained the following spells:

 Spells                   Type           Power      Damage    Failure   Level
 Mercury Vapours          Alch/Air       10%        N/A       19%         2
 Mephitic Cloud           Conj/Alch/Air  5%         N/A       38%         3
 Olgreb's Toxic Radiance  Alch           10%        N/A       54%         4
 Sticky Flame             Fire/Alch      5%         2d4       77%         4


Dungeon Overview and Level Annotations

Branches:
Dungeon (2/15)

Altars:
Ru

Annotations:
D:2 Natasha


Innate Abilities, Weirdness & Mutations

You can wield a second weapon in your off-hand.
It takes a long time for you to wield or remove held weapons.
Your first few attacks do less damage.
You cannot equip rings or amulets.


Message History

Aiming: Sting (safe; 11% risk of failure)
Press: ? - help, Shift-Dir - straight line, f/p - Natasha
Aim: Natasha (moderately wounded, poisoned, 60% to hit)
The sting hits Natasha but does no damage.
Natasha looks even sicker.
Natasha is moderately wounded.
Casting: Sting (safe; 11% risk of failure)
Confirm with . or Enter, or press ? or * to list all spells.
Aiming: Sting (safe; 11% risk of failure)
Press: ? - help, Shift-Dir - straight line, f/p - Natasha
Aim: Natasha (moderately wounded, very poisoned, 60% to hit)
You miscast Sting.
You are very lightly contaminated with residual magic.
Nothing appears to happen.
Unknown command.
You closely miss Natasha with your +0 whip.
Natasha is heavily wounded.
You hit Natasha but do no damage. Natasha claws you.
You closely miss Natasha with your +0 whip.
Natasha is heavily wounded.
You hit Natasha with your +0 dagger.
Natasha mumbles some strange words.
You hit Natasha with your +0 dagger.
Natasha is severely wounded.
You closely miss Natasha with your +0 whip.
Natasha claws you.
The cerulean imp hits you with a +3 spear.
Natasha claws you!
* * * LOW HITPOINT WARNING * * *
Casting: Sting (safe; 11% risk of failure)
Confirm with . or Enter, or press ? or * to list all spells.
Aiming: Sting (safe; 11% risk of failure)
Press: ? - help, Shift-Dir - straight line, f/p - Natasha
Aim: Natasha (severely wounded, very poisoned, 60% to hit)
The sting hits Natasha.
Natasha looks even sicker.
Natasha is almost dead.
The cerulean imp hits you but does no damage.
Natasha claws you!
You die...
Natasha curls up and begins to purr.

#.# #.#.# #.# #.### #.#
#...# .########## #.#
###.# #.........# #.#
#.# #.........#
#.#####.#
#.........#####..††...#
#.....$.5........######
#.....h@................
########.........#######
#.........# ######'####
#.........# #.........#
#.........# #.........#
#.........#


You could see Natasha (very poisoned) and a cerulean imp (summoned).

Vanquished Creatures
  2 adders (D:2)
  A dart slug (D:1)
  6 bats
  2 endoplasms (D:1)
  4 goblins (D:1)
  3 hobgoblins (D:1)
  3 kobolds (D:1)
  A quokka (D:1)
  4 ball pythons
  3 frilled lizards
  4 rats (D:1)
33 creatures vanquished.

Notes
Turn   | Place    | Note
-------+----------+-------------------------------------------
     0 | D:1      | Shayle the Coglin Alchemist began the quest for the Orb.
     0 | D:1      | Reached XP level 1. HP: 13/13 MP: 3/3
   292 | D:1      | Reached skill level 1 in Fighting
   292 | D:1      | Reached XP level 2. HP: 12/21 MP: 1/4
   771 | D:1      | Reached XP level 3. HP: 27/27 MP: 0/5
   778 | D:1      | Found a faded altar of an unknown god.
  1251 | D:2      | Found a sacrificial altar of Ru.
  1478 | D:2      | Noticed Natasha
  1488 | D:2      | Slain by Natasha

Illustrated notes

Levels and vault maps discovered:
D:1:      saegor_arrival_simple_d, layout_loops_ring,
          ebering_ecumenical_altar_mist, minivault_26
D:2:      layout_basic, basic_altar, serial_shops, shop, uniq_natasha,
          uniq_robin

Skill      XL: |  1  2  3 |
---------------+----------+-----
Dodging        | 2 |  2.8
Fighting       | 1 2 |  2.1
Stealth        | |  1.5
Spellcasting   | |  1.7
Conjurations   | |  0.8
Alchemy        | |  3.2
Shapeshifting  | |  0.4

Action                     || total
---------------------------++-------
  Melee: Unarmed           ||    13
         Dagger            ||    67
         Whip              ||    60
   Cast: Sting             ||    37
    Use: Potion            ||     1
 Armour: Robe              ||    78
  Dodge: Dodged            ||    95

Table legend: (Time is in decaauts)
 A = Elapsed time spent in this place.
 B = Non-inter-level travel time spent in this place.
 C = Inter-level travel time spent in this place.
 D = Time resting spent in this place.
 E = Time spent auto-exploring this place.
 F = Levels seen in this place.
 G = Mean time per level.
                   A        B        C        D        E       F      G
               +--------+--------+--------+--------+--------+-----+--------+
         Total |   1492 |   1446 |     46 |    160 |    938 |   2 |  746.0 |
       Dungeon |   1492 |   1446 |     46 |    160 |    938 |   2 |  746.0 |
               +--------+--------+--------+--------+--------+-----+--------+

Top non-repeatable levels by time:
     D:1: 1194 daAuts
     D:2: 297 daAuts
